Map: Prion Terraces

Players

Semper

  • Race: Terran Terran
  • League: Grandmaster

Solar - Winner!

  • Race: Zerg Zerg
  • League: Gold

Event: DreamHack ROCCAT LotV Championship

VOD

Have the link to the VOD?

Description

Time

  • Played on: Nov. 26, 2015, 6:33 a.m.
  • Length: 9:06

All games in this series

Show
View Real Time Build Order
Export as new Build Order

Semper Terran 

Build Orders: MMM Bio 

Get SALT Encoding   

  12  0:01  SCV  
  13  0:13  SCV  
  14  0:17  Supply Depot  
  14  0:25  SCV  
  15  0:39  SCV  
  15  0:40  Barracks  
  16  0:45  Refinery  
  16  0:51  SCV  
  17  1:03  SCV  
  18  1:15  SCV  
  19  1:27  Orbital Command  
  19  1:29  Barracks Reactor  
  19  1:41  Command Center  
  19  1:53  SCV  
  20  1:55  Supply Depot  
  20  2:05  SCV, Reaper x2  
  23  2:17  SCV, Refinery  
  24  2:29  SCV  
  25  2:37  Reaper  
  25  2:41  SCV, Reaper  
  28  2:53  SCV  
  28  2:54  Orbital Command  
  28  2:56  Barracks  
  28  2:57  Barracks  
  29  3:06  SCV  
  29  3:10  Reaper  
  31  3:14  Reaper  
  31  3:18  SCV  
  31  3:19  Supply Depot  
  33  3:24  SCV  
  35  3:34  SCV  
  35  3:42  Supply Depot  
  35  3:43  SCV  
  35  3:48  Marine x2  
  37  3:49  Barracks Tech Lab, Marine  
  37  3:51  SCV  
  37  3:54  Factory  
  37  3:55  SCV  
  41  3:59  Supply Depot  
  41  4:03  SCV  
  41  4:05  Bunker  
  41  4:06  Marine x2  
  41  4:07  Marine  
  41  4:09  Marine  
  46  4:10  Stimpack  
  46  4:12  SCV  
  46  4:15  SCV  
  48  4:17  Refinery  
  48  4:20  Engineering Bay  
  48  4:23  Supply Depot  
  48  4:24  SCV  
  49  4:25  Marine  
  49  4:27  SCV  
  51  4:36  SCV  
  52  4:39  SCV  
  52  4:41  Marine  
  52  4:44  Starport  
  52  4:45  Factory Reactor  
  54  4:48  SCV  
  54  4:51  SCV, Marine  
  57  4:56  Marine  
  57  4:57  Supply Depot, Marauder  
  57  4:59  Marine  
  61  5:00  Terran Infantry Weapons Level 1, SCV  
  61  5:03  SCV  
  61  5:04  Supply Depot  
  63  5:12  SCV  
  63  5:13  Marine  
  65  5:15  SCV  
  66  5:24  SCV, Marauder, Marine x2  
  66  5:27  SCV  
  72  5:31  Medivac x2  
  72  5:32  Factory Tech Lab  
  72  5:34  Command Center  
  76  5:36  Refinery  
  76  5:38  Marine  
  76  5:39  SCV  
  76  5:40  Supply Depot, SCV  
  76  5:42  Marine  
  80  5:45  Barracks Reactor  
  80  5:51  Supply Depot, SCV  
  80  5:52  Siege Tank  
  80  5:53  Marine  
  80  5:56  Marine  
  86  5:59  SCV  
  86  6:00  Marine  
  86  6:02  Liberator  
  88  6:11  SCV, Marine  
  89  6:14  Supply Depot, Marine  
  89  6:15  Barracks  
  89  6:16  Medivac  
  95  6:18  Barracks  
  95  6:22  SCV  
  95  6:24  Supply Depot  
  97  6:28  Siege Tank  
  97  6:30  SCV  
  101  6:35  Combat Shields, Marine  
  101  6:36  Marine  
  101  6:37  Marine x2  
  105  6:41  Marine  
  106  6:53  Marine  
  104  6:54  Marine x2  
  104  6:59  Marine x2  
  104  7:00  Siege Tank, Medivac  
  112  7:01  SCV x2  
  112  7:04  Terran Infantry Armor Level 1  
  112  7:05  Supply Depot, Orbital Command  
  114  7:11  Marine  
  114  7:17  Marauder  
  114  7:20  SCV x2  
  114  7:21  Barracks Reactor, Barracks Tech Lab  
  115  7:24  Armory, Engineering Bay, Marine x2  
  115  7:25  Medivac  
  115  7:26  Marine  
  120  7:32  Marine  
  120  7:34  Medivac  
  120  7:37  SCV x2, Orbital Command  
  125  7:38  Marine  
  125  7:42  Marine x2  
  126  7:45  Marine x2  
  126  7:47  Siege Tank  
  126  7:50  Supply Depot, Marine  
  132  7:56  Marine  
  133  8:00  SCV  
  133  8:05  Marine  
  135  8:07  Marine  
  135  8:12  Marine x2  
  138  8:16  Marine x2  
  138  8:18  Widow Mine  
  139  8:23  Refinery  
  139  8:24  Refinery, Marine  
  139  8:26  Supply Depot  
  137  8:27  Supply Depot  
  137  8:28  Bunker  
  137  8:32  Marine  
  125  8:41  Marine  
  125  8:48  Marine  
Show
View Real Time Build Order
Export as new Build Order

Solar Zerg - Winner!

Build Orders: Hatch First 

Get SALT Encoding   

  12  0:00  Drone  
  13  0:12  Overlord  
  13  0:17  Drone  
  14  0:31  Drone x2  
  14  0:34  Drone  
  17  0:52  Hatchery  
  17  0:55  Drone  
  17  0:57  Drone  
  17  1:03  Extractor  
  17  1:09  Drone  
  18  1:16  Spawning Pool  
  17  1:19  Drone  
  18  1:29  Drone  
  19  1:40  Overlord  
  19  2:04  Queen x2, Zergling x4  
  19  2:05  Metabolic Boost, Drone  
  26  2:11  Drone  
  27  2:15  Drone  
  28  2:24  Drone  
  28  2:26  Drone  
  30  2:34  Zergling x2  
  31  2:37  Overlord  
  31  2:39  Queen  
  33  2:45  Zergling x2  
  33  2:48  Drone  
  35  2:54  Zergling x2  
  36  2:59  Zergling x2  
  36  3:04  Drone  
  38  3:09  Drone  
  38  3:12  Overlord  
  39  3:13  Drone x4  
  39  3:14  Drone  
  44  3:25  Overlord  
  44  3:28  Hatchery, Drone  
  44  3:31  Drone x2  
  46  3:39  Overlord  
  46  3:42  Drone  
  46  3:44  Drone  
  48  3:48  Drone x2, Roach Warren  
  48  3:51  Zergling x2  
  48  3:52  Zergling x6  
  54  3:55  Drone  
  54  3:56  Extractor x2  
  54  4:02  Overlord  
  52  4:09  Drone  
  53  4:14  Drone  
  53  4:16  Queen  
  56  4:17  Drone x2  
  56  4:18  Drone x3  
  56  4:19  Drone  
  56  4:21  Overlord  
  62  4:29  Lair  
  61  4:32  Roach x2  
  67  4:38  Roach  
  67  4:40  Queen  
  67  4:44  Drone  
  70  4:47  Drone  
  70  4:51  Roach x2  
  74  4:53  Overlord  
  74  4:55  Drone  
  75  5:02  Evolution Chamber  
  75  5:03  Evolution Chamber  
  75  5:07  Drone x2  
  75  5:10  Drone x5  
  80  5:14  Overlord  
  80  5:15  Drone  
  80  5:16  Drone  
  80  5:17  Drone  
  83  5:25  Drone  
  83  5:28  Drone, Zerg Ground Armor Level 1, Extractor  
  85  5:29  Zerg Missile Weapons Level 1  
  85  5:30  Drone x3  
  85  5:31  Glial Reconstitution  
  85  5:34  Drone  
  88  5:37  Drone x3  
  88  5:40  Roach  
  88  5:41  Roach x2  
  97  5:43  Overlord  
  97  5:48  Overlord  
  97  5:49  Extractor x2  
  94  5:51  Overlord  
  94  5:56  Roach x2  
  98  5:58  Overlord  
  98  6:01  Overlord  
  98  6:03  Roach x4  
  106  6:06  Overlord  
  106  6:10  Overlord  
  105  6:13  Drone  
  105  6:14  Roach  
  105  6:15  Roach x2  
  105  6:17  Ravager x4  
  116  6:19  Overlord  
  116  6:22  Roach x3  
  116  6:24  Roach  
  124  6:27  Overseer  
  124  6:30  Overlord, Overseer  
  123  6:33  Drone  
  123  6:36  Ravager  
  123  6:39  Roach x4  
  130  6:47  Queen  
  130  6:49  Drone  
  126  6:57  Drone  
  126  6:58  Drone x2  
  128  7:04  Drone  
  128  7:06  Roach x2  
  128  7:07  Roach x2  
  128  7:08  Roach  
  139  7:10  Roach x2  
  138  7:16  Hatchery  
  138  7:17  Roach x3  
  138  7:20  Queen  
  143  7:26  Drone x2  
  143  7:28  Drone  
  146  7:32  Ravager x2  
  148  7:37  Roach x3  
  148  7:38  Roach x3  
  160  7:46  Hatchery  
  160  7:50  Roach x5  
  169  7:57  Overlord x3  
  169  8:01  Overlord  
  169  8:03  Overlord  
  169  8:10  Overlord  
  166  8:13  Roach x2  
  166  8:18  Ravager x7  
  174  8:22  Drone  
  174  8:23  Drone x2  
  174  8:26  Ravager  
  177  8:29  Roach x4  
  177  8:31  Roach  
  177  8:33  Roach  
  189  8:36  Roach  
  189  8:37  Roach  
  183  8:41  Hatchery, Roach x2  
  183  8:45  Roach x2  
  183  8:47  Roach  

Tags
 
Add a new tag
Caveats
  • Supply blocks, unpowered buildings, or Contaminate may cause inaccurate times.
  • Supply counts are checked every 10 seconds.